 Dungeon Crawl Stone Soup version 0.31-a0-1098-g6898e6545c (webtiles) character file.

Game seed: 8305749254253064691

7485 senseless the Agnostic (level 10, 0/80 HPs)
             Began as a Demonspawn Fighter on Nov 30, 2023.
             Killed from afar by an acid dragon (16 damage)
             ... with a splash of acid
             ... on level 9 of the Dungeon.
             The game lasted 00:18:38 (6981 turns).

senseless the Agnostic (Demonspawn Fighter)         Turns: 6981, Time: 00:18:38

Health: 0/80       AC: 20    Str: 20    XL:     10   Next: 94%
Magic:  17/17      EV: 10    Int: 10    God:
Gold:   519        SH: 24    Dex: 12    Spells: 9/9 levels left

rFire   + . .        D - +3 war axe (elec)
rCold   . . .        l - +3 kite shield
rNeg    + . .        b - +0 plate armour
rPois   .            E - +2 helmet of Osithrei {Harm rElec rN+}
rElec   +            z - +0 cloak
rCorr   .            g - +0 pair of gloves
SInv    .            q - +0 pair of boots
Will    .....        s - amulet of reflection Stlth
                     j - ring of protection from fire
HPRegen 2.33/turn    H - +5 ring of evasion
MPRegen 0.15/turn

%: harm (+30% outgoing, +20% incoming), reflection
@: about to teleport
A: claws 1, large bone plates 2, powered by death 3
a: no special abilities


You were on level 9 of the Dungeon.
You visited 1 branch of the dungeon, and saw 9 of its levels.
You also visited: Ossuary.

You collected 519 gold pieces.

Inventory:

Hand Weapons
 o - the +5 dagger "Vamae" {speed, Stlth+}
   (You took it off a kobold on level 2 of the Dungeon)

   Stlth+:    It makes you more stealthy.
 x - a +2 hand axe of flaming
 A - the +9 long sword "Ukuulec" {heavy, Fly rElec rPois rF+ Dex-5}
   (You found it on level 9 of the Dungeon)

   Dex-5:     It affects your dexterity (-5).
   rF+:       It protects you from fire.
   rElec:     It insulates you from electricity.
   rPois:     It protects you from poison Fly: It grants you flight.
 D - a +3 war axe of electrocution (weapon)
 L - a +6 battleaxe
Armour
 b - a +0 plate armour (worn)
 g - a +0 pair of gloves (worn)
 l - a +3 kite shield (worn)
 q - a +0 pair of boots (worn)
 w - a +0 scale mail of poison resistance
 z - a +0 cloak (worn)
 E - the +2 helmet of Osithrei (worn) {Harm rElec rN+}
   (You found it on level 4 of the Dungeon)

   rElec:     It insulates you from electricity.
   rN+:       It protects you from negative energy.
   Harm:      It increases damage dealt and taken.
Jewellery
 j - a ring of protection from fire (left hand)
 s - an amulet of reflection (around neck)
 C - a ring of willpower
 H - a +5 ring of evasion (right hand)
 J - a ring of resist corrosion
Wands
 c - a wand of iceblast (12)
 t - a wand of digging (9)
 u - a wand of flame (2) (quivered)
 K - a wand of quicksilver (9)
Scrolls
 h - a scroll of silence
 i - 2 scrolls of teleportation
 k - a scroll of identify
 n - 3 scrolls of revelation
 p - 5 scrolls of fear
 y - 5 scrolls of fog
 B - a scroll of vulnerability {unknown}
Potions
 a - a potion of ambrosia {unknown}
 d - a potion of might
 e - 5 potions of brilliance
 f - 2 potions of mutation {unknown}
 m - 4 potions of curing {unknown}
 r - 4 potions of haste
 v - 2 potions of heal wounds {unknown}
 F - a potion of attraction {unknown}
 I - 3 potions of lignification {unknown}


   Skills:
 + Level 8.1 Fighting
 + Level 7.2 Axes
 + Level 7.5 Armour
 + Level 7.5 Shields
 + Level 9.7 Invocations


You had 9 spell levels left.
You didn't know any spells.
Your spell library contained the following spells:

 Spells                   Type           Power      Damage    Failure   Level
 Magic Dart               Conj           0%         1d3       100%        1
 Call Imp                 Summ           0%         N/A       100%        2
 Ensorcelled Hibernation  Hex/Ice        0%         N/A       100%        2
 Jinxbite                 Hex            0%         N/A       100%        2
 Call Canine Familiar     Summ           0%         N/A       100%        3
 Mephitic Cloud           Conj/Pois/Air  0%         N/A       100%        3
 Sigil of Binding         Hex            0%         N/A       100%        3
 Summon Guardian Golem    Hex/Summ       0%         N/A       100%        3
 Tukima's Dance           Hex            0%         N/A       100%        3
 Anguish                  Hex/Necr       0%         N/A       100%        4
 Dimensional Bullseye     Hex/Tloc       0%         N/A       100%        4
 Leda's Liquefaction      Hex/Erth       0%         N/A       100%        4
 Passage of Golubria      Tloc           0%         N/A       100%        4
 Summon Ice Beast         Ice/Summ       0%         N/A       100%        4
 Summon Mana Viper        Hex/Summ       0%         N/A       100%        5
 Yara's Violent Unravell  Hex/Tmut       0%         3d3       100%        5
 Monstrous Menagerie      Summ           0%         N/A       100%        7
 Orb of Destruction       Conj           0%         9d5       100%        7
 Spellforged Servitor     Conj/Summ      0%         N/A       100%        7


Dungeon Overview and Level Annotations

Branches:
Dungeon (9/15)             Temple (0/1) D:6         Ossuary (visited)
   Lair: D:8-11         Orc: D:9-12

Altars:
Gozag
Hepliaklqana
Ru

Shops:
D:9 *


Innate Abilities, Weirdness & Mutations

You have sharp fingernails.
You are mostly covered in large bone plates. (SH +6)
You regenerate a lot of health from kills.


Message History

An acid dragon comes into view.
The water moccasin bites you but does no damage.
The manticore bites you but does no damage.
The manticore claws you!
* * * LOW HITPOINT WARNING * * *
The manticore claws you but does no damage.
Okay, then.
As you read the scroll of teleportation, it crumbles to dust.
You feel strangely unstable. You block the lindwurm's attack.
The lindwurm claws you but does no damage.
The lindwurm closely misses you. You block the water moccasin's attack.
You block the manticore's attack.
The manticore claws you but does no damage.
The manticore barely misses you.
An orc priest comes into view. It is wielding a +0 short sword.
The orc priest shouts!
You hit the water moccasin.
The water moccasin is moderately wounded.
You slash the lindwurm! You hit the manticore but do no damage.
Lightning courses through the manticore!!
You block the water moccasin's attack. You block the lindwurm's attack.
The lindwurm claws you but does no damage.
You block the lindwurm's attack. The manticore barely misses you.
The manticore closely misses you.
The manticore claws you but does no damage.
The lindwurm breathes flames at you. The blast of flame hits you. You resist.
* * * LOW HITPOINT WARNING * * *
The water moccasin barely misses you.
You miss the water moccasin.
The water moccasin is moderately wounded.
You hit the lindwurm.
You kill the lindwurm!
The lindwurm's shape twists and changes as it dies.
You barely miss the manticore.
You carefully extract the barbed spikes from your body.
You block the water moccasin's attack. The acid dragon spits acid at you.
The splash of acid hits you!
You die...

### #. #.. #. #.. # # #..
#.. ♣. .♣ #..####.. ♣(♣#
#♣.♣ ....##§§ .D# #o. #.
#....§ #}#H# #. #...≈.
#@# #.##..≈..
########S###### #..#.≈..∩
#.......W.....♣ #.....≈§.
#♣..♣♣♣♣.♣..♣♣.♣#.##..§§.
#.♣..♣♣♣.♣♣..♣ #.......§
#♣♣♣..♣♣.♣ ♣.W♣ #..#.#.#.
♣♣..♣.♣♣ ♣..♣#......#.
#######...#######..#....#
.........................


You could see a manticore, a water moccasin, an acid dragon (catching breath), a
shadow and an orc priest.

Vanquished Creatures
  A centaur warrior (D:8)
  2 tengu warriors (D:8)
  A lindwurm (shapeshifter) (D:9)
  Maggie (D:6)
  Psyche (D:8)
  Jeremiah (D:6)
  Prince Ribbit (D:6)
  Sigmund (D:2)
  A shadow (D:9)
  A vampire (D:9)
  A steam dragon (D:7)
  A water moccasin (D:8)
  Edmund (D:6)
  Duvessa (D:4)
  3 ice beasts
  2 sky beasts
  A black bear (D:6)
  3 orc warriors
  2 ogres
  3 centaurs
  3 elf zombies (Ossuary)
  2 kobold brigands
  2 scorpions
  7 bullfrogs
  9 wights
  Dowan (D:4)
  4 howler monkeys
  A centaur zombie (Ossuary)
  3 jellies
  Crazy Yiuf (D:3)
  3 orc priests
  2 hounds
  A gnoll bouda (D:5)
  3 human zombies (Ossuary)
  A sleepcap (D:5)
  Ijyb (D:3)
  An iguana (D:5)
  7 orc wizards
  A hound zombie (Ossuary)
  3 mummies (Ossuary)
  3 gnolls (D:6)
  9 adders
  A shadow imp (D:6)
  3 white imps
  An adder zombie (Ossuary)
  4 worms
  3 dart slugs
  40 orcs
  8 ball pythons
  4 bats
  13 endoplasms
  3 giant cockroaches
  8 goblins
  11 hobgoblins
  7 jackals
  8 quokkas
  4 frilled lizards
  A goblin zombie (Ossuary)
  5 hobgoblin zombies (Ossuary)
  7 jackal zombies (Ossuary)
  7 kobolds
  5 kobold zombies (Ossuary)
  2 orc zombies (Ossuary)
  5 quokka zombies (Ossuary)
  4 rats
  2 rat zombies (Ossuary)
253 creatures vanquished.

Notes
Turn   | Place    | Note
-------+----------+-------------------------------------------
     0 | D:1      | senseless the Demonspawn Fighter began the quest for the
                  | Orb.
     0 | D:1      | Reached XP level 1. HP: 18/18 MP: 1/1
   179 | D:1      | Gained mutation: You regenerate a little health from kills.
                  | [demonic ancestry]
   179 | D:1      | Reached XP level 2. HP: 12/24 MP: 2/2
   394 | D:1      | Reached skill level 1 in Invocations
   736 | D:2      | Reached XP level 3. HP: 12/29 MP: 3/3
  1219 | D:2      | Reached XP level 4. HP: 35/35 MP: 5/5
  1239 | D:2      | Identified the +5 dagger "Vamae" {speed, Stlth+}
  1347 | D:2      | Noticed Sigmund
  1364 | D:2      | Killed Sigmund
  1365 | D:2      | Reached skill level 2 in Invocations
  1365 | D:2      | Gained mutation: You regenerate health from kills. [demonic
                  | ancestry]
  1365 | D:2      | Reached XP level 5. HP: 7/42 MP: 5/7
  1772 | D:3      | Found an opulent altar of Gozag.
  1927 | D:3      | Noticed Ijyb
  1947 | D:3      | Killed Ijyb
  1948 | D:3      | Reached skill level 3 in Invocations
  1951 | D:3      | Gained mutation: You have sharp fingernails. [demonic
                  | ancestry]
  1951 | D:3      | Reached XP level 6. HP: 48/48 MP: 8/8
  2205 | D:3      | Found a runed translucent door.
  2206 | D:3      | Noticed Crazy Yiuf
  2267 | D:3      | Found a hazy altar of Hepliaklqana.
  2539 | D:3      | Killed Crazy Yiuf
  2959 | D:4      | Noticed an orc warrior
  2986 | D:4      | Killed an orc warrior
  3040 | D:4      | Identified the +2 helmet of Osithrei {Harm rElec rN+}
  3177 | D:4      | Reached XP level 7. HP: 55/55 MP: 9/9
  3230 | D:4      | Noticed Duvessa
  3230 | D:4      | Noticed Dowan
  3236 | D:4      | Killed Duvessa
  3237 | D:4      | Reached skill level 4 in Invocations
  3245 | D:4      | Killed Dowan
  3395 | D:5      | Entered Level 5 of the Dungeon
  3810 | D:5      | Reached skill level 5 in Fighting
  3842 | D:5      | Reached skill level 5 in Invocations
  3842 | D:5      | Gained mutation: You are partially covered in large bone
                  | plates. (SH +4) [demonic ancestry]
  3842 | D:5      | Reached XP level 8. HP: 62/62 MP: 11/11
  4331 | D:6      | Noticed Maggie
  4353 | D:6      | Killed Maggie
  4354 | D:6      | Reached skill level 5 in Armour
  4354 | D:6      | Reached skill level 5 in Shields
  4588 | D:6      | Noticed Jeremiah
  4598 | D:6      | Killed Jeremiah
  4599 | D:6      | Reached skill level 6 in Invocations
  4606 | D:6      | Found a staircase to the Ecumenical Temple.
  4614 | D:6      | Reached skill level 5 in Axes
  4621 | D:6      | Gained mutation: You are mostly covered in large bone
                  | plates. (SH +6) [demonic ancestry]
  4621 | D:6      | Reached XP level 9. HP: 63/69 MP: 13/13
  4683 | D:6      | Found a sand-covered staircase.
  4685 | D:6      | Noticed Edmund
  4697 | D:6      | Killed Edmund
  4754 | Ossuary  | Entered an ossuary
  4795 | Ossuary  | Reached skill level 7 in Invocations
  5235 | D:6      | Noticed Prince Ribbit
  5240 | D:6      | Killed Prince Ribbit
  5534 | D:7      | Reached skill level 8 in Invocations
  5583 | D:7      | Found a sacrificial altar of Ru.
  6073 | D:8      | Found Basudoac's General Store.
  6112 | D:8      | Noticed a tengu warrior
  6113 | D:8      | Noticed a tengu warrior
  6117 | D:8      | Noticed a centaur warrior
  6122 | D:8      | Gained mutation: You regenerate a lot of health from kills.
                  | [demonic ancestry]
  6122 | D:8      | Reached XP level 10. HP: 48/79 MP: 16/16
  6135 | D:8      | Killed a tengu warrior
  6140 | D:8      | Killed a centaur warrior
  6146 | D:8      | Killed a tengu warrior
  6147 | D:8      | Reached skill level 9 in Invocations
  6376 | D:8      | Noticed Psyche
  6384 | D:8      | Killed Psyche
  6794 | D:9      | Found Bunel's Assorted Antiques.
  6796 | D:9      | Identified the +9 long sword "Ukuulec" {heavy, Fly rElec
                  | rPois rF+ Dex-5}
  6974 | D:9      | Noticed a manticore
  6975 | D:9      | Noticed a lindwurm
  6981 | D:9      | Killed a lindwurm
  6981 | D:9      | Killed from afar by an acid dragon

Illustrated notes

Levels and vault maps discovered:
D:1:      wander_arrival_estate, layout_loops_ring
D:2:      layout_basic, minmay_vboxes, uniq_sigmund
D:3:      layout_loops_ring, lemuel_round_altar,
          nicolae_hepliaklqana_hazy_memory, uniq_crazy_yiuf_cottage, uniq_ijyb
D:4:      layout_loops_ring, minmay_divided_ellipse, uniq_duvessa
D:5:      layout_basic, hangedman_decor_clover_reticule
D:6:      layout_basic, minmay_temple_entry_statues_fountains,
          nicolae_ossuary_entry_ruins, uniq_maggie, uniq_prince_ribbit1,
          uniq_edmund, uniq_jeremiah
D:7:      layout_loops_ring, nicolae_ru_the_path_less_chosen, minmay_door_square
D:8:      minmay_cornered_nines, layout_basic, serial_shops,
          nicolae_stop_n_shop_2, grunt_tough_drop, uniq_psyche
D:9:      nzn_winding_woodlands_small [nzn_winding_woodlands_5x15_pockets,
          nzn_winding_woodlands_center_diamonds,
          nzn_winding_woodlands_5x15_crooked], layout_loops_ring,
          mainiacjoe_overflow_cross_hatched, serial_shops, nicolae_diamond_shop,
          shop, nicolae_shop_tiny_waterfront, shop, uniq_erolcha

Skill      XL: |  1  2  3  4  5  6  7  8  9 10 |
---------------+-------------------------------+-----
Axes           | 2 3 4 5 6 7 |  7.2
Invocations    | 1 2 3 5 6 8 9 |  9.7
Shields        | 3 4 5 6 7 |  7.5
Armour         | 3 4 5 6 7 |  7.5
Fighting       | 4 5 6 7 8 |  8.1

Action                     |  1- 3 |  4- 6 |  7- 9 | 10-12 || total
---------------------------+-------+-------+-------+-------++-------
  Melee: War axe           |   127 |    73 |   324 |   116 ||   640
         Hand axe          |       |    91 |       |       ||    91
  Evoke: Wand              |       |    13 |       |       ||    13
    Use: Scroll            |       |       |    14 |     2 ||    16
         Potion            |       |       |     2 |       ||     2
 Armour: Chain mail        |    61 |       |       |       ||    61
         Scale mail        |     2 |       |       |       ||     2
         Plate armour      |    33 |    96 |   140 |    93 ||   362
  Dodge: Dodged            |    34 |    17 |    40 |    19 ||   110
  Block: Buckler           |    13 |       |       |       ||    13
         Kite shield       |    45 |   122 |   268 |   144 ||   579
         Reflection        |       |     1 |     3 |     4 ||     8

Table legend: (Time is in decaauts)
 A = Elapsed time spent in this place.
 B = Non-inter-level travel time spent in this place.
 C = Inter-level travel time spent in this place.
 D = Time resting spent in this place.
 E = Time spent auto-exploring this place.
 F = Levels seen in this place.
 G = Mean time per level.
                   A        B        C        D        E       F      G
               +--------+--------+--------+--------+--------+-----+--------+
         Total |   7228 |   7005 |    223 |    315 |   4808 |  10 |  722.8 |
       Dungeon |   6939 |   6716 |    223 |    315 |   4693 |   9 |  771.0 |
       Ossuary |    289 |    289 |      0 |      0 |    115 |   1 |  289.0 |
               +--------+--------+--------+--------+--------+-----+--------+

Top non-repeatable levels by time:
     D:5: 1134 daAuts
     D:2: 1001 daAuts
     D:3: 908 daAuts
     D:4: 812 daAuts
     D:1: 805 daAuts
     D:7: 797 daAuts
     D:8: 686 daAuts
     D:6: 571 daAuts
 Ossuary: 289 daAuts
     D:9: 223 daAuts
